 Dungeon Crawl Stone Soup version 0.14-a0-1168-gf5005bf (webtiles) character file.

171 PolkaDot the Ruinous (level 4, -6/30 HPs)
             Began as a Vampire Conjurer on Nov 29, 2013.
             Mangled by a gnoll
             ... wielding a +0,+0 spear
              (9 damage)
             ... on Level 2 of the Dungeon.
             The game lasted 00:10:00 (1741 turns).

PolkaDot the Ruinous (Vampire Conjurer)             Turns: 1741, Time: 00:10:00

HP  -6/30        AC  2     Str  7      XL: 4   Next: 45%
MP   6/8         EV 12     Int 18      God:
Gold 72          SH  0     Dex 14      Spells:  2 memorised,  2 levels left

rFire  . . .     SeeInvis +     g - -1 spear (curse)
rCold  . . .     Clarity  .     a - +0 robe
rNeg   . . .     Conserve .     (no shield)
rPois  .         rCorr    .     (no helmet)
rElec  .         rRot     .     (no cloak)
SustAb . .       Spirit   .     (no gloves)
rMut   .         Warding  .     (no boots)
Saprov . . .     Stasis   .     (no amulet)
                                (no ring)
                                (no ring)

@: regenerating quickly, slightly resistant to hostile enchantments, stealthy
A: fangs 3, see invisible, unbreathing
a: no special abilities


You were on level 2 of the Dungeon.
You were full.

You visited 1 branch of the dungeon, and saw 2 of its levels.

You collected 72 gold pieces.

Inventory:

Hand weapons
 g - a cursed -1,-1 spear (weapon)
Armour
 a - a +0 robe (worn)
Scrolls
 b - a scroll of identify {unknown}
 d - a scroll of fear {unknown}
 e - a scroll of teleportation {unknown}
 f - a scroll of noise {unknown}
 i - a scroll of remove curse {unknown}
 j - a scroll of curse weapon {unknown}
Books
 c - a book of Conjurations

   Spells                             Type                      Level
   *Magic Dart                        Conjuration                  1
   *Searing Ray                       Conjuration                  2
   Dazzling Spray                     Conjuration/Hexes            3
   Iskenderun's Mystic Blast          Conjuration                  4
   Iskenderun's Battlesphere          Conjuration/Charms           4
   Fulminant Prism                    Conjuration/Hexes            5


   Skills:
 - Level 2.1 Dodging
 - Level 3.0 Stealth
 - Level 1.0 Spellcasting
 * Level 4.4 Conjurations


You had 2 spell levels left.
You knew the following spells:

 Your Spells              Type           Power        Failure   Level  Hunger
a - Magic Dart            Conj           ###.         3%          1    ##.....
s - Searing Ray           Conj           ###...       6%          2    ###....


Dungeon Overview and Level Annotations

Branches:
Dungeon (2/16)

Altars:


Innate Abilities, Weirdness & Mutations

Your natural rate of healing is unusually fast.
You have razor-sharp teeth.*
You have supernaturally acute eyesight.
You can survive without breathing.*


Message History

Confirm with . or Enter, or press ? or * to list all spells.
Aiming: Searing Ray
Press: ? - help, Shift-Dir - straight line, f/p - gnoll
Aim: a gnoll, wielding a spear (moderately wounded)
The searing ray hits the gnoll.
The gnoll is moderately wounded.
The gnoll hits you from afar with a spear!
The searing ray hits the gnoll.
The gnoll is heavily wounded.
The gnoll hits you from afar with a spear!
* * * LOW HITPOINT WARNING * * *
Things that are here:
a flail 24 stones
There is a stone staircase leading down here.
You see here a dart.
The gnoll hits you with a spear.
* * * LOW HITPOINT WARNING * * *
The gnoll hits you from afar with a spear!
You die...

.#.######.###..#.#
.#.# #......#.#####
.#g# +...).......>#
.#.# +.####.#.###.#
.#.# #.# #.#.# #.#
...######.# #...#
#.# ##........#
##..# #.#
####.#...#####(.#
#.#
#.#.....)>..@###.#
#.....####.....#.#
###...........g..##
#...#.####........#
#.###.# #.....##.#
#.# #.# #.....##.#
#.# #%# ########.#
#.# #(# #.# .
#.###.# #.# #####.


You could see a gnoll.

Vanquished Creatures
  5 gnolls (D:2)
  A giant mite (D:1)
  A worm (D:2)
  A giant gecko (D:1)
  2 oozes
  2 giant cockroaches (D:2)
  4 goblins (D:1)
  3 hobgoblins
  9 jackals
  A quokka (D:2)
  A ball python (D:2)
  A bat (D:1)
  3 kobolds
  2 rats (D:1)
36 creatures vanquished.

Notes
Turn   | Place    | Note
--------------------------------------------------------------
     0 | D:1      | PolkaDot, the Vampire Conjurer, began the quest for the Orb.
     0 | D:1      | Reached XP level 1. HP: 13/13 MP: 4/4
   337 | D:1      | Reached XP level 2. HP: 17/19 MP: 0/5
   676 | D:1      | Learned a level 2 spell: Searing Ray
  1049 | D:2      | Reached XP level 3. HP: 17/24 MP: 1/6
  1403 | D:2      | Reached skill level 4 in Conjurations
  1498 | D:2      | Reached XP level 4. HP: 30/30 MP: 1/8
  1707 | D:2      | HP: 1/30 [gnoll/spear (10)]
  1741 | D:2      | Mangled by a gnoll

Action                   |  1- 3 |  4- 6 || total
-------------------------+-------+-------++-------
Melee: Unarmed           |    43 |     1 ||    44
       Spear             |       |    22 ||    22
 Cast: Magic Dart        |    52 |       ||    52
       Searing Ray       |     6 |     3 ||     9
  Use: Potion            |     3 |       ||     3
 Stab: Sleeping          |       |     1 ||     1
